Map: Deathaura LE

Players

rottenorange

  • Race: Zerg Zerg
  • League: Bronze
  • Spawn Location: 5:00

itsDani - Winner!

  • Race: Protoss Protoss
  • League: Platinum
  • Spawn Location: 11:00

VOD

Have the link to the VOD?

Description

Time

  • Played on: Oct. 8, 2020, 4:28 p.m.
  • Length: 10:54
Show
View Real Time Build Order
Export as new Build Order

rottenorange Zerg 

Build Orders: Hatch First 

Get SALT Encoding   

  12  0:01  Drone  
  13  0:13  Overlord  
  13  0:17  Drone  
  14  0:32  Drone x2  
  16  0:35  Drone  
  17  0:47  Drone  
  18  0:57  Hatchery  
  18  1:02  Drone  
  18  1:11  Extractor  
  17  1:18  Spawning Pool  
  17  1:20  Drone  
  17  1:23  Drone  
  18  1:32  Drone  
  19  1:44  Overlord  
  19  1:53  Drone  
  20  2:02  Drone  
  20  2:07  Queen  
  23  2:09  Queen  
  25  2:16  Zergling x4  
  27  2:25  Drone x2  
  29  2:45  Queen  
  29  2:48  Drone x3  
  34  3:05  Zergling x4  
  34  3:09  Overlord x3  
  35  3:27  Zergling x6  
  32  4:38  Lair  
  32  4:53  Roach Warren  
  27  5:15  Drone x4  
  27  5:16  Drone x5  
  30  5:27  Drone x13  
  40  5:40  Roach x4  
  48  5:47  Glial Reconstitution  
  48  5:55  Hydralisk Den  
  47  6:01  Spore Crawler  
  46  6:06  Spore Crawler  
  45  6:15  Drone  
  45  6:16  Drone x7  
  51  6:44  Queen  
  51  6:46  Hydralisk x3  
  55  6:51  Overlord x4  
  55  6:52  Overlord  
  55  6:53  Overseer x3  
  57  7:41  Extractor  
  57  7:42  Drone  
  57  7:43  Drone x3  
  60  7:55  Hatchery  
  59  8:03  Hatchery  
  58  8:07  Extractor  
  53  8:44  Drone x11  
  53  8:45  Spore Crawler, Drone x3  
  53  8:46  Drone  
  53  8:47  Drone x3  
  70  8:51  Extractor  
  69  9:08  Queen  
  69  9:09  Drone  
  72  9:17  Hydralisk  
  72  9:18  Hydralisk x5  
  83  9:40  Hydralisk Den  
  83  9:43  Hydralisk x5  
  92  9:48  Drone  
  92  9:49  Drone x8  
  101  10:06  Hydralisk  
  101  10:07  Hydralisk  
  105  10:17  Overlord  
  105  10:18  Overlord x5  
  105  10:25  Extractor  
Show
View Real Time Build Order
Export as new Build Order

itsDani Protoss - Winner!

Build Orders: 1 Gate Expand, Oracle Opening 

Get SALT Encoding   

  12  0:00  Probe  
  13  0:12  Probe  
  14  0:17  Pylon  
  14  0:24  Probe  
  15  0:28  Assimilator  
  15  0:36  Probe  
  16  0:49  Probe  
  17  0:54  Gateway  
  17  1:01  Probe (Chrono Boost)  
  18  1:13  Probe (Chrono Boost)  
  19  1:21  Probe (Chrono Boost)  
  20  1:27  Probe  
  20  1:30  Nexus  
  21  1:39  Probe  
  22  1:40  Pylon  
  22  1:52  Probe  
  23  1:55  Cybernetics Core  
  23  2:04  Probe  
  24  2:09  Assimilator  
  24  2:16  Probe  
  25  2:28  Probe  
  26  2:36  Stargate  
  26  2:42  Warp Gate (Chrono Boost), Probe x2  
  28  2:45  Stalker (Chrono Boost)  
  30  2:54  Probe  
  31  3:02  Probe  
  32  3:06  Probe  
  32  3:08  Stalker  
  35  3:15  Shield Battery  
  35  3:17  Probe  
  35  3:18  Probe  
  35  3:24  Oracle  
  38  3:34  Probe  
  38  3:38  Adept  
  41  3:55  Pylon  
  41  4:03  Oracle  
  41  4:07  Pylon  
  44  4:25  Probe x2  
  44  4:30  Gateway  
  46  4:31  Gateway  
  46  4:33  Gateway  
  46  4:37  Probe x2  
  46  4:38  Twilight Council  
  48  4:46  Assimilator  
  48  4:49  Assimilator, Probe x2  
  50  5:30  Probe x2  
  50  5:34  Charge  
  52  5:44  Dark Shrine  
  52  5:50  Probe (Chrono Boost)  
  52  5:56  Adept x2, Probe (Chrono Boost)  
  58  5:57  Adept  
  58  6:00  Probe (Chrono Boost)  
  58  6:04  Probe (Chrono Boost)  
  62  6:05  Pylon  
  62  6:10  Pylon x2  
  62  6:13  Pylon  
  62  6:21  Void Ray  
  66  6:48  Pylon  
  66  6:49  Zealot  
  66  6:50  Zealot x3  
  74  6:57  Templar Archives  
  74  7:07  Void Ray, Pylon  
  78  7:36  Dark Templar x2  
  82  7:42  Zealot x2  
  86  7:51  Gateway  
  86  7:53  Gateway  
  86  7:54  Gateway  
  86  7:58  Gateway  
  86  8:00  Gateway  
  86  8:05  Void Ray  
  86  8:08  Nexus  
  86  8:10  Pylon  
  90  8:32  Zealot x4  
  98  8:39  Archon  
  94  9:02  Dark Templar x3  
  98  9:03  Dark Templar x3  
  98  9:06  Zealot  
  108  9:27  Archon x2  
  108  9:28  Archon  
  108  9:30  Dark Templar  
  107  9:31  Zealot  
  107  9:32  Zealot  
  107  9:36  Probe x3  
  106  9:44  Pylon  
  106  9:46  Pylon  
  106  9:48  Probe x3  
  109  9:53  Pylon  
  109  9:54  Shield Battery  
  109  9:57  Pylon  
  109  10:00  Assimilator, Probe  
  109  10:01  Probe x2  
  109  10:03  Assimilator  
  109  10:04  Zealot x3  
  109  10:05  Zealot x3  
  109  10:06  Zealot  
  126  10:07  Zealot  
  126  10:08  Zealot  
  126  10:12  Probe  
  126  10:13  Probe x2  
  133  10:24  Probe  
  133  10:25  Probe x2  
  136  10:37  Probe x2  
  114  10:51  Dark Templar x2  
  114  10:52  Dark Templar x2  
Tags
 
Add a new tag
Caveats
  • Supply blocks, unpowered buildings, or Contaminate may cause inaccurate times.
  • Supply counts are checked every 10 seconds.